cohdb
Replays
Latest Replays
All Replays
Popular Replays
Top Player Replays
Match Explorer
How It Works
Community
CoH3 Stats
Reddit
Sign in to upload your games and track your stats! →
Sign in with Steam
Match 45631024
Unlisted
Match 45631024
Overview
Messages
Build Orders
End
Construct Barracks
Construct Weapon Support Center
Engineer Squad
M1919 Machine Gun Team
M1919 Machine Gun Team
Air Support Center
M3 Armored Personnel Carrier
Selects Heavy Weapons
Selects Assault Carriers
Bazooka Squad
Construct Barracks
Riflemen Squad
Riflemen Squad
M1918 Browning Automatic Rifles
Grasshopper Recon Run
Grenade Package
P-47 Dive Bomb
Engineer Squad
Riflemen Squad
Air Supply
Selects Halftrack Strongpoints
M3 Assault Carrier
Selects Towed M5 3-inch Anti-tank Gun
Towed M5 3-inch Anti-tank Gun
Grasshopper Recon Run
P-47 Dive Bomb
.30 cal Machine Gun
P-47 Strafing Run
Selects M2HB .50cal Heavy Machine Gun
P-47 Strafing Run
Towed M5 3-inch Anti-tank Gun
Selects Gallant Stand
P-47 Strafing Run
Construct Tank Depot
Gallant Stand
M4(105) Sherman Bulldozer
P-47 Strafing Run
M4A1 Sherman Medium Tank
Selects Bolstered Team Weapons
P-47 Strafing Run
M18 Hellcat Tank Destroyer
Engineer Squad
Improved Aircraft Armor
Gallant Stand
P-47 Strafing Run
Grasshopper Recon Run
Towed M5 3-inch Anti-tank Gun
Gallant Stand
Halftrack Strongpoints
P-47 Strafing Run
P-47 Dive Bomb
Towed M5 3-inch Anti-tank Gun
Grasshopper Recon Run
.30 cal Machine Gun
Gallant Stand
HulkSMASH
-AL- Nimahfrosch
Armored Legio
MonikaのPants
0
0
Comments
sign in to comment!
No comments posted yet!